TOP OF THE 1ST |
Butler Bulldogs batting - Pitching for Michigan State Spartans : RHP Brad Clay
|
Pitching: RHP Brad Clay
|
|
Batting: RHB Steve West
|
0-0: Ball 1-0: Ball 2-0: SINGLE (Line Drive, 78M)
|
Batting: LHB Carlos Gutiérrez
|
0-0: Ball 1-0: Ball 2-0: Ball 3-0: Called Strike 3-1: Base on Balls Steve West to second
|
Batting: RHB Chris Miles
|
0-0: Called Strike 0-1: Called Strike 0-2: Strikes out swinging
|
Batting: RHB Rob Gilbert
|
0-0: Called Strike 0-1: Called Strike 0-2: Foul Ball, location: 2F 0-2: Strikes out looking
|
Batting: LHB Nick Hopper
|
0-0: Ball 1-0: Called Strike 1-1: Foul Ball, location: 2F 1-2: Foul Ball, location: 2F 1-2: Ball 2-2: Foul Ball, location: 2F 2-2: Strikes out swinging
|
Top of the 1st over - 0 run(s), 1 hit(s), 0 error(s), 2 left on base; Butler 0 - Michigan State 0 |
BOTTOM OF THE 1ST |
Michigan State Spartans batting - Pitching for Butler Bulldogs : RHP Jason Spencer
|
Pitching: RHP Jason Spencer
|
|
Batting: RHB Jorge Carranza
|
0-0: Called Strike 0-1: Ground out 6-3 (Groundball, 6M)
|
Batting: LHB Cliff Mills
|
0-0: Ball 1-0: Ball 2-0: Ball 3-0: Base on Balls
|
Batting: RHB Ryan Nelson
|
0-0: Ball 1-0: Ball 2-0: Foul Ball, location: 2F 2-1: Grounds into double play, 3-6-3 (Groundball, 3)
|
Bottom of the 1st over - 0 run(s), 0 hit(s), 0 error(s), 0 left on base; Butler 0 - Michigan State 0 |
TOP OF THE 2ND |
Butler Bulldogs batting - Pitching for Michigan State Spartans : RHP Brad Clay
|
Batting: RHB Jorge Calderón
|
0-0: Called Strike 0-1: Called Strike 0-2: Ball 1-2: Foul Ball, location: 2F 1-2: SINGLE (Line Drive, 89S)
|
Batting: LHB Ralph Jackson
|
0-0: Ball 1-0: Called Strike 1-1: Foul Ball, location: 2F 1-2: Foul Ball, location: 2F 1-2: Strikes out swinging
|
Batting: RHB Elliott Horn
|
0-0: Foul Ball, location: 2F 0-1: Ball 1-1: Ball 2-1: Reached on error, E5 (Groundball, 5L) Jorge Calderón to second
|
Batting: RHB Marv Shepard
|
0-0: Called Strike 0-1: Ball 1-1: SINGLE (Flyball, 8RS) Jorge Calderón to third Elliott Horn to second
|
Batting: RHB Steve West
|
0-0: Ball 1-0: Called Strike 1-1: Swinging Strike 1-2: Foul Ball, location: 2F 1-2: Ball 2-2: Strikes out looking
|
Batting: LHB Carlos Gutiérrez
|
0-0: Called Strike 0-1: Ball 1-1: Ball 2-1: Ground out 3-1 (Groundball, 34S)
|
Top of the 2nd over - 0 run(s), 2 hit(s), 1 error(s), 3 left on base; Butler 0 - Michigan State 0 |
BOTTOM OF THE 2ND |
Michigan State Spartans batting - Pitching for Butler Bulldogs : RHP Jason Spencer
|
Batting: RHB Andrew Holmes
|
0-0: Ball 1-0: Foul Ball, location: 2F 1-1: Foul Ball, location: 2F 1-2: Strikes out looking
|
Batting: RHB Arthur Hopkins
|
0-0: Ball 1-0: Ball 2-0: Ball 3-0: Called Strike 3-1: Base on Balls
|
Batting: RHB Ryan Miller
|
0-0: Ball 1-0: SINGLE (Line Drive, 6MD) Arthur Hopkins to second Runner from 2nd tries for 3rd, OUT! Ryan Miller to second
|
Batting: RHB Nelson Wright
|
0-0: Called Strike 0-1: Ball 1-1: Foul Ball, location: 2F 1-2: Strikes out looking
|
Bottom of the 2nd over - 0 run(s), 1 hit(s), 0 error(s), 1 left on base; Butler 0 - Michigan State 0 |
TOP OF THE 3RD |
Butler Bulldogs batting - Pitching for Michigan State Spartans : RHP Brad Clay
|
Batting: RHB Chris Miles
|
0-0: Called Strike 0-1: Called Strike 0-2: Foul Ball, location: 2F 0-2: Ground out 1-3 (Groundball, 13)
|
Batting: RHB Rob Gilbert
|
0-0: Swinging Strike 0-1: Foul Ball, location: 2F 0-2: Fly out, F9 (Flyball, 9M)
|
Batting: LHB Nick Hopper
|
0-0: Called Strike 0-1: Called Strike 0-2: Foul Ball, location: 2F 0-2: Foul Ball, location: 2F 0-2: Ball 1-2: Strikes out looking
|
Top of the 3rd over - 0 run(s), 0 hit(s), 0 error(s), 0 left on base; Butler 0 - Michigan State 0 |
BOTTOM OF THE 3RD |
Michigan State Spartans batting - Pitching for Butler Bulldogs : RHP Jason Spencer
|
Batting: RHB Bennett McGee
|
0-0: Called Strike 0-1: Foul Ball, location: 2F 0-2: Foul Ball, location: 2F 0-2: Ball 1-2: Foul Ball, location: 2F 1-2: Foul Ball, location: 2F 1-2: Fly out, F3 (Line Drive, 3S)
|
Batting: RHB Nick Whitehead
|
0-0: Foul Ball, location: 2F 0-1: Ball 1-1: Ball 2-1: SOLO HOME RUN (Flyball, 7D), Distance : 359 ft
|
Batting: RHB Jorge Carranza
|
0-0: Fly out, F4 (Line Drive, 4)
|
Batting: LHB Cliff Mills
|
0-0: Foul Ball, location: 2F 0-1: Swinging Strike 0-2: Ball 1-2: Ground out 4-3 (Groundball, 4)
|
Bottom of the 3rd over - 1 run(s), 1 hit(s), 0 error(s), 0 left on base; Butler 0 - Michigan State 1 |
TOP OF THE 4TH |
Butler Bulldogs batting - Pitching for Michigan State Spartans : RHP Brad Clay
|
Batting: RHB Jorge Calderón
|
0-0: Called Strike 0-1: Foul Ball, location: 2F 0-2: Ball 1-2: Ball 2-2: Foul Ball, location: 2F 2-2: Strikes out looking
|
Batting: LHB Ralph Jackson
|
0-0: Called Strike 0-1: Bunted foul 0-2: Foul Ball, location: 2F 0-2: Strikes out looking
|
Batting: RHB Elliott Horn
|
0-0: Ball 1-0: Ball 2-0: Foul Ball, location: 2F 2-1: Ball 3-1: Base on Balls
|
Batting: RHB Marv Shepard
|
0-0: Ball 1-0: Called Strike 1-1: Called Strike 1-2: Strikes out looking
|
Top of the 4th over - 0 run(s), 0 hit(s), 0 error(s), 1 left on base; Butler 0 - Michigan State 1 |
BOTTOM OF THE 4TH |
Michigan State Spartans batting - Pitching for Butler Bulldogs : RHP Jason Spencer
|
Batting: RHB Ryan Nelson
|
0-0: Called Strike 0-1: Swinging Strike 0-2: Fly out, F9 (Flyball, 9LSF)
|
Batting: RHB Andrew Holmes
|
0-0: Ball 1-0: Ball 2-0: SOLO HOME RUN (Flyball, 8LXD), Distance : 398 ft
|
Batting: RHB Arthur Hopkins
|
0-0: Ball 1-0: Ball 2-0: Foul Ball, location: 2F 2-1: DOUBLE (Line Drive, 7LS)
|
Batting: RHB Ryan Miller
|
0-0: Foul Ball, location: 2F 0-1: Foul Ball, location: 2F 0-2: Strikes out looking
|
Batting: RHB Nelson Wright
|
0-0: Ball 1-0: Foul Ball, location: 2F 1-1: Fly out, F5 (Popup, 5SF)
|
Bottom of the 4th over - 1 run(s), 2 hit(s), 0 error(s), 1 left on base; Butler 0 - Michigan State 2 |
TOP OF THE 5TH |
Butler Bulldogs batting - Pitching for Michigan State Spartans : RHP Brad Clay
|
Pitching: RHP Bill Weber
|
|
Batting: RHB Steve West
|
0-0: Called Strike 0-1: Ball 1-1: Ground out 6-3 (Groundball, 6)
|
Batting: LHB Carlos Gutiérrez
|
0-0: Ball 1-0: Swinging Strike 1-1: SINGLE (Line Drive, 8LS)
|
Batting: RHB Chris Miles
|
0-0: Ball 1-0: Ball 2-0: Called Strike 2-1: Ball 3-1: Fly out, F8 (Popup, 8RS)
|
Batting: RHB Rob Gilbert
|
0-0: Called Strike 0-1: Swinging Strike 0-2: Ground out 4-3 (Groundball, 4)
|
Top of the 5th over - 0 run(s), 1 hit(s), 0 error(s), 1 left on base; Butler 0 - Michigan State 2 |
BOTTOM OF THE 5TH |
Michigan State Spartans batting - Pitching for Butler Bulldogs : RHP Jason Spencer
|
Batting: RHB Bennett McGee
|
0-0: Ball 1-0: Ball 2-0: Foul Ball, location: 2F 2-1: Ball 3-1: Base on Balls
|
Batting: RHB Nick Whitehead
|
0-0: Swinging Strike 0-1: Ball 1-1: Ball 2-1: SINGLE (Groundball, 56) Bennett McGee to second
|
Batting: RHB Jorge Carranza
|
0-0: Ball 1-0: Foul Ball, location: 2F 1-1: Foul Ball, location: 2F 1-2: Fly out, F5 (Popup, 5)
|
Batting: LHB Cliff Mills
|
0-0: Ball 1-0: Swinging Strike 1-1: Ball 2-1: Ball 3-1: Grounds into double play, U6-3 (Groundball, 6M)
|
Bottom of the 5th over - 0 run(s), 1 hit(s), 0 error(s), 1 left on base; Butler 0 - Michigan State 2 |
TOP OF THE 6TH |
Butler Bulldogs batting - Pitching for Michigan State Spartans : RHP Bill Weber
|
Batting: LHB Nick Hopper
|
0-0: SINGLE (Line Drive, 6MD)
|
Batting: RHB Jorge Calderón
|
0-0: Ball 1-0: Called Strike 1-1: Fielders Choice at 2nd, 4-6 (Groundball, 4M)
|
Batting: LHB Ralph Jackson
|
0-0: Called Strike 0-1: Grounds into double play, 4-6-3 (Groundball, 4)
|
Top of the 6th over - 0 run(s), 1 hit(s), 0 error(s), 0 left on base; Butler 0 - Michigan State 2 |
BOTTOM OF THE 6TH |
Michigan State Spartans batting - Pitching for Butler Bulldogs : RHP Jason Spencer
|
Batting: RHB Ryan Nelson
|
0-0: SINGLE (Groundball, 34D)
|
Batting: RHB Andrew Holmes
|
0-0: Ball 1-0: Called Strike 1-1: Fly out, F4 (Popup, 3D)
|
Batting: RHB Arthur Hopkins
|
0-0: DOUBLE (Line Drive, 9LM) Ryan Nelson to third
|
Batting: RHB Ryan Miller
|
0-0: Intentional Walk
|
Pitching: RHP Dusty Webb
|
|
Batting: RHB Nelson Wright
|
0-0: Foul Ball, location: 2F 0-1: Called Strike 0-2: Fielders Choice at 2nd, 6-4 (Groundball, 6) Ryan Nelson scores Arthur Hopkins to third
|
Batting: RHB Bennett McGee
|
0-0: Ball 1-0: Called Strike 1-1: Foul Ball, location: 2F 1-2: Ball 2-2: Ball 3-2: Base on Balls Nelson Wright to second
|
Batting: RHB Nick Whitehead
|
0-0: Ball 1-0: Swinging Strike 1-1: Called Strike 1-2: SINGLE (Groundball, 6D) Arthur Hopkins scores Nelson Wright to third Bennett McGee to second Runner from 3rd tries for Home, SAFE, throw made at trailing runner, SAFE at third!
|
Batting: RHB Jorge Carranza
|
0-0: Ball 1-0: Called Strike 1-1: Foul Ball, location: 2F 1-2: Strikes out swinging
|
Bottom of the 6th over - 3 run(s), 3 hit(s), 0 error(s), 2 left on base; Butler 0 - Michigan State 5 |
TOP OF THE 7TH |
Butler Bulldogs batting - Pitching for Michigan State Spartans : RHP Bill Weber
|
Pitching: RHP Cory Hopper
|
|
Batting: RHB Elliott Horn
|
0-0: Called Strike 0-1: Swinging Strike 0-2: Strikes out swinging
|
Batting: RHB Marv Shepard
|
0-0: Ball 1-0: Ball 2-0: Ball 3-0: Called Strike 3-1: Base on Balls
|
Batting: RHB Steve West
|
0-0: Ball 1-0: Foul Ball, location: 2F 1-1: Foul Ball, location: 2F 1-2: Fly out, F9 (Flyball, 9LS)
|
Batting: LHB Carlos Gutiérrez
|
0-0: Foul Ball, location: 2F 0-1: DOUBLE (Line Drive, 9LM) Marv Shepard to third
|
Batting: RHB Chris Miles
|
0-0: Called Strike 0-1: Swinging Strike 0-2: Foul Ball, location: 2F 0-2: Ball 1-2: Foul Ball, location: 2F 1-2: Ball 2-2: Ground out 6-3 (Groundball, 6)
|
Top of the 7th over - 0 run(s), 1 hit(s), 0 error(s), 2 left on base; Butler 0 - Michigan State 5 |
BOTTOM OF THE 7TH |
Michigan State Spartans batting - Pitching for Butler Bulldogs : RHP Dusty Webb
|
Batting: LHB Cliff Mills
|
0-0: Called Strike 0-1: Ball 1-1: Fly out, F8 (Flyball, 8LS)
|
Batting: RHB Ryan Nelson
|
0-0: SINGLE (Line Drive, 6D)
|
Batting: RHB Andrew Holmes
|
0-0: SINGLE (Flyball, 7S) Ryan Nelson to second
|
Batting: RHB Arthur Hopkins
|
0-0: Ball 1-0: Ball 2-0: SINGLE (Groundball, 34D) Ryan Nelson to third Andrew Holmes to second
|
Batting: RHB Ryan Miller
|
0-0: Ball 1-0: Called Strike 1-1: Foul Ball, location: 2F 1-2: Foul Ball, location: 2F 1-2: Foul Ball, location: 2F 1-2: Fly out, F2 (Popup, 2RF)
|
Batting: RHB Nelson Wright
|
0-0: Ball 1-0: Swinging Strike 1-1: Called Strike 1-2: Ball 2-2: Ground out 5-3 (Groundball, 5)
|
Bottom of the 7th over - 0 run(s), 3 hit(s), 0 error(s), 3 left on base; Butler 0 - Michigan State 5 |
TOP OF THE 8TH |
Butler Bulldogs batting - Pitching for Michigan State Spartans : RHP Cory Hopper
|
Now at C: José Arce
|
|
Batting: RHB Rob Gilbert
|
0-0: Ball 1-0: Ball 2-0: Ball 3-0: Base on Balls
|
Batting: LHB Nick Hopper
|
0-0: Swinging Strike 0-1: Ball 1-1: Ball 2-1: Ball 3-1: Base on Balls Rob Gilbert to second
|
Batting: RHB Jorge Calderón
|
0-0: Foul Ball, location: 2F 0-1: Ball 1-1: Foul Ball, location: 2F 1-2: Ball Passed Ball! Rob Gilbert to third Nick Hopper to second 2-2: Foul Ball, location: 2F 2-2: Foul Ball, location: 2F 2-2: Foul Ball, location: 2F 2-2: Foul Ball, location: 2F 2-2: Ball 3-2: Foul Ball, location: 2F 3-2: SINGLE (Flyball, 9LS) Rob Gilbert scores Nick Hopper to third
|
Pitching: RHP Jesús Fabián
|
|
Batting: LHB Ralph Jackson
|
0-0: Ball 1-0: Called Strike 1-1: Ball 2-1: SINGLE (Line Drive, 56D) Nick Hopper scores Jorge Calderón to second
|
Batting: RHB Elliott Horn
|
0-0: Ball 1-0: Ball 2-0: Grounds into double play, 6-4-3 (Groundball, 6) Jorge Calderón to third
|
Batting: RHB Marv Shepard
|
0-0: Called Strike 0-1: Ball 1-1: Foul Ball, location: 2F 1-2: Ball 2-2: Foul Ball, location: 2F 2-2: Strikes out looking
|
Top of the 8th over - 2 run(s), 2 hit(s), 0 error(s), 1 left on base; Butler 2 - Michigan State 5 |
BOTTOM OF THE 8TH |
Michigan State Spartans batting - Pitching for Butler Bulldogs : RHP Dusty Webb
|
Batting: RHB Bennett McGee
|
0-0: Ball 1-0: Foul Ball, location: 2F 1-1: Ball 2-1: Fly out, F5 (Popup, 5SF)
|
Pitching: LHP Dave Rose
|
|
Batting: RHB Nick Whitehead
|
0-0: Ground out 4-3 (Groundball, 34)
|
Batting: RHB Jorge Carranza
|
0-0: Fly out, F8 (Flyball, 89S)
|
Bottom of the 8th over - 0 run(s), 0 hit(s), 0 error(s), 0 left on base; Butler 2 - Michigan State 5 |
TOP OF THE 9TH |
Butler Bulldogs batting - Pitching for Michigan State Spartans : RHP Jesús Fabián
|
Pitching: LHP Carlos Martínez
|
|
Batting: RHB Steve West
|
0-0: Ball 1-0: Called Strike 1-1: Foul Ball, location: 2F 1-2: Fly out, F7 (Flyball, 7D)
|
Batting: LHB Carlos Gutiérrez
|
0-0: Foul Ball, location: 2F 0-1: Foul Ball, location: 2F Single, Error in OF, E8, batter to second base
|
Batting: RHB Chris Miles
|
0-0: Ball 1-0: Fly out, F9 (Flyball, 89S)
|
Batting: RHB Rob Gilbert
|
0-0: SINGLE (Line Drive, 78M) Carlos Gutiérrez to third Runner from 3rd tries for Home, SAFE, no throw or cutoff
|
Batting: LHB Nick Hopper
|
0-0: Ball 1-0: Ball 2-0: SINGLE (Line Drive, 8LM) Rob Gilbert to second
|
Batting: RHB Jorge Calderón
|
0-0: Ball 1-0: Ball 2-0: Ball 3-0: Base on Balls Rob Gilbert to third Nick Hopper to second
|
Pinch Hitting: RHB Millard Walker
|
0-0: Ball 1-0: Foul Ball, location: 2F 1-1: Swinging Strike 1-2: Ball 2-2: SINGLE (Line Drive, 89S) Rob Gilbert scores Nick Hopper to third Jorge Calderón to second
|
Batting: RHB Elliott Horn
|
0-0: Ball 1-0: Foul Ball, location: 2F 1-1: Foul Ball, location: 2F 1-2: Fly out, F8 (Line Drive, 8LD)
|
Top of the 9th over - 2 run(s), 4 hit(s), 1 error(s), 3 left on base; Butler 4 - Michigan State 5 |
|